 Dungeon Crawl Stone Soup version 0.30.1-3-gfc49f6343a (webtiles) character file.

Game seed: 7113898673946130642

4893 javelincjr the Fighter (level 10, -16/85 HPs)
             Began as a Demonspawn Gladiator on Aug 1, 2023.
             Was a Believer of Makhleb.
             Demolished by a naga warrior
             ... wielding a +0 glaive
              (37 damage)
             ... on level 9 of the Dungeon.
             The game lasted 00:29:35 (8829 turns).

javelincjr the Fighter (Demonspawn Gladiator)       Turns: 8829, Time: 00:29:36

Health: -16/85     AC: 24    Str: 19    XL:     10   Next: 26%
Magic:  10/10      EV: 15    Int: 10    God:    Makhleb [**....]
Gold:   598        SH:  4    Dex: 14    Spells: 9/9 levels left

rFire   . . .        C - +9 quarterstaff (chaos)
rCold   . . .        (shield currently unavailable)
rNeg    . . .        Q - +0 chain mail
rPois   +            (helmet restricted)
rElec   .            O - +2 cloak
rCorr   .            z - +2 pair of gloves
SInv    .            (no boots)
Will    .....        (no amulet) Stlth
                     A - +4 ring of protection
HPRegen 0.34/turn    G - +5 ring of evasion
MPRegen 0.12/turn

%: no passive effects
@: lethally poisoned (-16 -> -18)
A: horns 1, slimy green scales 3, foul stench 1, condensation shield
a: Renounce Religion, Minor Destruction


You were on level 9 of the Dungeon.
You worshipped Makhleb.
Makhleb was pleased with you.
You visited 1 branch of the dungeon, and saw 9 of its levels.
You also visited: Sewer.

You collected 598 gold pieces.

Inventory:

Hand Weapons
 a - a +0 trident
 C - a +9 quarterstaff of chaos (weapon)
 P - a +2 flail of draining
Missiles
 e - 2 javelins (quivered)
 y - 3 silver javelins
 I - a throwing net
 J - 2 curare-tipped darts
 N - 8 boomerangs
 T - 3 poisoned darts
Armour
 b - a +0 leather armour
 h - a +0 buckler
 o - an orb of mayhem
 z - a +2 pair of gloves (worn)
 M - a +0 plate armour
 O - a +2 cloak (worn)
 Q - a +0 chain mail (worn)
Jewellery
 c - a ring of willpower
 A - a +4 ring of protection (left hand)
 G - a +5 ring of evasion (right hand)
 L - a ring of positive energy
Wands
 D - a wand of roots (12)
 F - a wand of paralysis (20)
 K - a wand of mindburst (10)
 U - a wand of polymorph (2)
Scrolls
 f - 5 scrolls of fog
 j - 2 scrolls of vulnerability
 k - a scroll of brand weapon {unknown}
 l - 6 scrolls of teleportation
 q - 4 scrolls of magic mapping
 t - 3 scrolls of immolation
 v - a scroll of blinking {unknown}
 B - a scroll of enchant armour
 E - 4 scrolls of fear
 H - a scroll of butterflies {unknown}
 S - a scroll of amnesia {unknown}
Potions
 d - a potion of attraction {unknown}
 g - 4 potions of brilliance
 i - a potion of haste
 m - a potion of lignification {unknown}
 n - 3 potions of invisibility
 p - 3 potions of mutation
 r - 4 potions of might
 s - 2 potions of flight
 u - 2 potions of heal wounds
 w - a potion of magic {unknown}
 x - a potion of degeneration {unknown}
 R - a potion of curing {unknown}


   Skills:
 * Level 9.8 Fighting
 - Level 6.4(6.5) Polearms
 + Level 1.9(4.5) Staves
 - Level 1.8 Throwing
 + Level 6.0 Armour
 + Level 6.7 Dodging


You had 9 spell levels left.
You didn't know any spells.
Your spell library contained the following spells:

 Spells                   Type           Power      Damage    Failure   Level
 Hailstorm                Conj/Ice       0%         3d3       100%        3
 Ice Form                 Ice/Tmut       0%         N/A       100%        4
 Petrify                  Tmut/Erth      0%         N/A       100%        4
 Metabolic Englaciation   Hex/Ice        0%         N/A       100%        5
 Simulacrum               Ice/Necr       0%         N/A       100%        6
 Statue Form              Tmut/Erth      0%         N/A       100%        6
 Malign Gateway           Summ/Tloc      0%         N/A       100%        7
 Summon Horrible Things   Summ           0%         N/A       100%        8


Dungeon Overview and Level Annotations

Branches:
Dungeon (9/15)             Temple (0/1) D:7             Orc (0/2) D:9
  Sewer (visited)
   Lair: D:8-11

Altars:
Fedhas
Hepliaklqana
Makhleb
Nemelex Xobeh
Okawaru
Ru
Yredelemnul

Shops:
D:8 *


Innate Abilities, Weirdness & Mutations

You have a pair of small horns on your head.
You are completely covered in slimy green scales. (AC +4, rPois)
You may rarely emit foul miasma when damaged in melee.
A meltable shield of frost defends you. (SH +4)


Message History

You are no longer poisoned.
The naga warrior hits you but does no damage.
The naga warrior constricts you.
You closely miss the naga warrior.
The naga warrior is heavily wounded.
The naga warrior barely misses you. The naga warrior constricts you.
The orc warrior closely misses you.
You hit the naga warrior. You freeze the naga warrior.
You headbutt the naga warrior.
The naga warrior is severely wounded.
The naga warrior roars a battlecry!
The naga warrior goes into a battle-frenzy!
The naga warrior constricts you. You block the two-headed ogre's attack.
The two-headed ogre closely misses you. The orc warrior closely misses you.
You sock the naga warrior!
The naga warrior is almost dead.
The naga warrior spits poison at you.
The splash of poison hits you but does no damage.
You are poisoned.
You resist. The naga warrior constricts you.
The orc warrior hits you but does no damage.
You hit the naga warrior. You burn the naga warrior.
You headbutt the naga warrior, but do no damage.
The naga warrior is almost dead.
You feel sick. You block the naga warrior's attack.
The naga warrior constricts you. You block the two-headed ogre's attack.
The two-headed ogre hits you with a +0 giant spiked club!
The naga warrior hits you from afar with a +0 glaive!!
* * * LOW HITPOINT WARNING * * *
The orc warrior misses you.
The naga warrior hits you with a +0 halberd.
* * * LOW HITPOINT WARNING * * *
The naga warrior constricts you.
* * * LOW HITPOINT WARNING * * *
You hit the naga warrior. You freeze the naga warrior.
You kill the naga warrior!
Makhleb accepts your kill.
You feel better.
You feel sick.
The naga warrior hits you from afar with a +0 glaive!!!
You die...

...####..........................
......................(..........
..............................)..
.................................
............#▓##############▓#...
............#>...♣...♣.♣.♣..>#...
####........###............###...
...#.[........#♣)♣N♣.♣ON..♣#.....
...'...)......##@O♣.....♣.##.....
...###........#>#..♣.♣.♣.#>#.....
..####..#####.###.o.♣....###.....
.####...# #..##♣.♣....♣##......
.###....# #...##..♣...##.......
###.....# #...###♣__♣###.......
##......# #...# ### #.......
#.......# #...##########.......
........# #....................


You could see a naga warrior (strong), a two-headed ogre and an orc warrior.

Vanquished Creatures
  A naga warrior (D:9)
  Pikel (D:9)
  A hornet (D:7)
  5 yaks (D:8)
  2 steam dragons
  Menkaure (D:7)
  An acid dragon (D:7)
  2 water moccasins
  Pargi (Sewer)
  4 orc warriors
  A black bear (D:5)
  An ogre (D:5)
  2 centaurs
  3 lemures (D:9)
  3 kobold brigands
  4 bullfrogs
  3 scorpions
  3 wights (D:8)
  3 killer bees
  2 jellies (D:6)
  6 hounds
  Crazy Yiuf (D:6)
  4 orc priests
  A gnoll bouda (D:7)
  Jessica (D:3)
  5 iguanas
  6 orc wizards
  2 sleepcaps
  11 gnolls
  5 adders
  3 white imps
  3 worms
  2 dart slugs
  34 orcs
  4 ball pythons
  7 endoplasms
  12 giant cockroaches
  9 goblins
  10 hobgoblins
  5 quokkas
  2 bats (D:1)
  7 frilled lizards
  17 kobolds
  9 rats
210 creatures vanquished.

Vanquished Creatures (collateral kills)
  A shadow imp (D:5)
1 creature vanquished.

Grand Total: 211 creatures vanquished

Notes
Turn   | Place    | Note
-------+----------+-------------------------------------------
     0 | D:1      | javelincjr the Demonspawn Gladiator began the quest for the
                  | Orb.
     0 | D:1      | Reached XP level 1. HP: 16/16 MP: 1/1
   211 | D:1      | Gained mutation: You may rarely emit foul miasma when
                  | damaged in melee. [demonic ancestry]
   211 | D:1      | Reached XP level 2. HP: 12/22 MP: 2/2
   385 | D:1      | Found a faded altar of an unknown god.
  1012 | D:2      | Reached XP level 3. HP: 27/28 MP: 3/3
  1195 | D:2      | Reached skill level 1 in Armour
  1308 | D:2      | Reached skill level 3 in Fighting
  1617 | D:3      | Noticed Jessica
  1619 | D:3      | Killed Jessica
  1620 | D:3      | Reached XP level 4. HP: 35/35 MP: 4/4
  1668 | D:3      | Found a glowing drain.
  1688 | Sewer    | Entered a sewer
  1752 | Sewer    | Noticed Pargi
  1758 | Sewer    | Killed Pargi
  1759 | Sewer    | Gained mutation: You are partially covered in slimy green
                  | scales. (AC +2) [demonic ancestry]
  1759 | Sewer    | Reached XP level 5. HP: 28/42 MP: 5/5
  2018 | D:3      | Reached skill level 4 in Fighting
  2126 | D:3      | Gained mutation: You are mostly covered in slimy green
                  | scales. (AC +3) [demonic ancestry]
  2126 | D:3      | Reached XP level 6. HP: 48/48 MP: 6/6
  3366 | D:5      | Entered Level 5 of the Dungeon
  3816 | D:5      | Reached skill level 5 in Fighting
  3816 | D:5      | Gained mutation: A meltable shield of frost defends you.
                  | (SH +4) [demonic ancestry]
  3816 | D:5      | Reached XP level 7. HP: 36/56 MP: 7/7
  4341 | D:5      | Found a sacrificial altar of Ru.
  4685 | D:6      | Found a runed translucent door.
  4686 | D:6      | Noticed Crazy Yiuf
  4796 | D:6      | Killed Crazy Yiuf
  5010 | D:6      | Found a blossoming altar of Fedhas.
  5070 | D:6      | Reached skill level 6 in Fighting
  5082 | D:6      | Gained mutation: You have a pair of small horns on your
                  | head. [demonic ancestry]
  5082 | D:6      | Reached XP level 8. HP: 55/64 MP: 8/8
  5124 | D:6      | Found a burning altar of Makhleb.
  5124 | D:6      | Noticed an Executioner
  5207 | D:6      | Became a worshipper of Makhleb the Destroyer
  5822 | D:6      | Reached skill level 5 in Polearms
  6084 | D:7      | Noticed a hornet
  6091 | D:7      | Killed a hornet
  6092 | D:7      | Reached skill level 7 in Fighting
  6092 | D:7      | Reached skill level 5 in Dodging
  6279 | D:7      | Noticed Menkaure
  6284 | D:7      | Killed Menkaure
  6381 | D:7      | Found a basalt altar of Yredelemnul.
  6384 | D:7      | Found a sparkling altar of Nemelex Xobeh.
  6676 | D:7      | Gained mutation: You are completely covered in slimy green
                  | scales. (AC +4, rPois) [demonic ancestry]
  6676 | D:7      | Reached XP level 9. HP: 73/73 MP: 9/9
  6797 | D:7      | Reached * piety under Makhleb
  7012 | D:7      | Found a hazy altar of Hepliaklqana.
  7049 | D:7      | Found a staircase to the Ecumenical Temple.
  7086 | D:7      | Reached skill level 8 in Fighting
  7430 | D:8      | Reached skill level 5 in Armour
  7607 | D:8      | Reached skill level 9 in Fighting
  7902 | D:8      | Found Qilol's General Store.
  8014 | D:8      | Reached skill level 1 in Staves
  8014 | D:8      | Reached XP level 10. HP: 77/83 MP: 10/10
  8129 | D:9      | Reached ** piety under Makhleb
  8138 | D:9      | Noticed a naga warrior
  8141 | D:9      | Found a large runed translucent door.
  8142 | D:9      | Found a large runed translucent door.
  8189 | D:9      | Noticed a two-headed ogre
  8191 | D:9      | Noticed Pikel
  8200 | D:9      | Killed Pikel
  8474 | D:9      | Found a staircase to the Orcish Mines.
  8762 | D:9      | Noticed a naga warrior
  8814 | D:9      | Found an iron altar of Okawaru.
  8820 | D:9      | Found an iron altar of Okawaru.
  8829 | D:9      | Killed a naga warrior
  8829 | D:9      | Demolished by a naga warrior

Illustrated notes

Levels and vault maps discovered:
D:1:      zelgadis_glass_arrival_small, layout_loops_ring,
          shapermc_ecumenical_altar_gd, st_stairs_2
D:2:      layout_rooms, minmay_worlds_worst_comb
D:3:      layout_rooms, gup_sewer_entry_pipe, uniq_jessica
D:4:      layout_loops_ring, amcnicky_altar_gilded
D:5:      layout_basic, mainiacjoe_overflow_alcove_1
D:6:      layout_loops_corners, makhleb_altar_promises_db, lemuel_tele_altar,
          grunt_decor_junction, uniq_crazy_yiuf_cottage
D:7:      layout_loops_ring, mainiacjoe_overflow_catwalk_spiral,
          worldfamousw_hep_ancestral_shrine, temple_green, uniq_menkaure
D:8:      layout_cave_pools, serial_shops, nicolae_shop_pleasant_corner_grove
D:9:      okawaru_arena_lexackson, layout_irregular_city, hiddenorc1_lemuel,
          uniq_pikel

Skill      XL: |  1  2  3  4  5  6  7  8  9 10 |
---------------+-------------------------------+-----
Polearms       | 3 4 5 6 |  6.4
Dodging        | 3 4 5 6 |  6.7
Armour         | 1 2 3 4 5 6 |  6.0
Fighting       | 3 4 5 6 7 9 |  9.8
Staves         | 1 |  1.9
Throwing       | |  1.8

Action                     |  1- 3 |  4- 6 |  7- 9 | 10-12 || total
---------------------------+-------+-------+-------+-------++-------
  Melee: Trident           |   175 |   223 |    68 |       ||   466
         Punch             |     1 |       |       |       ||     1
         Quarterstaff      |       |       |   201 |    78 ||   279
         Headbutt          |       |       |    35 |    15 ||    50
  Throw: Throwing net      |       |     1 |     3 |       ||     4
         Javelin           |       |       |    10 |       ||    10
    Use: Scroll            |       |       |    20 |       ||    20
         Potion            |       |       |     1 |       ||     1
   Stab: Sleeping          |     4 |       |     1 |       ||     5
         Distracted        |     1 |       |       |       ||     1
         Paralysed         |       |       |     1 |       ||     1
 Armour: Leather armour    |    26 |    58 |    55 |       ||   139
         Chain mail        |       |       |     4 |    34 ||    38
  Dodge: Dodged            |    67 |   128 |   209 |    54 ||   458
  Block: Orb               |       |       |    12 |       ||    12
         Other             |       |       |    23 |    20 ||    43
